 Dungeon Crawl Stone Soup version 0.24-a0-292-g5c6fb1cd70 (webtiles) character file.

Game seed: 15754007619346699567

28747 EnegeticOcto the Fighter (level 13, -3/95 HPs)
             Began as a Mummy Skald on May 11, 2019.
             Was a Priest of Hepliaklqana.
             Killed from afar by a lindwurm (23 damage)
             ... with a blast of flame
             ... on level 5 of the Lair of Beasts.
             The game lasted 00:45:35 (18916 turns).

EnegeticOcto the Fighter (Mummy Skald)             Turns: 18916, Time: 00:45:36

Health: -3/95      AC: 15    Str: 16    XL:     13   Next: 11%
Magic:  26/26      EV: 10    Int: 20    God:    Hepliaklqana [***...]
Gold:   915        SH: 14    Dex: 13    Spells: 16/17 levels left

rFire    . . .     SeeInvis .   a - +2 trident (venom)
rCold    + + .     Gourm    .   v - +0 shield {rF+}
rNeg     + + +     Faith    .   r - +5 ring mail of the True Pharaoh {+Inv Int+4}
rPois    ∞         Spirit   .   I - +0 hat
rElec    .         Reflect  +   p - +0 cloak
rCorr    .         Harm     .   q - +1 pair of gloves
MR       +....                  m - +0 pair of boots
Stlth    +.........             t - +3 amulet of reflection
HPRegen  0.25/turn              L - ring of Xom's Passing Interest {Ice rPois MP+9 Str+2}
MPRegen  0.20/turn              c - ring of protection from fire

@: no status effects
A: no food or potions, fire vulnerability, reduced essence, cold resistance 1,
negative energy resistance 3, torment resistance, unbreathing, in touch with
death 1
a: Recall Ancestor, Ancestor Identity, Transference, Renounce Religion, Evoke
Invisibility


You were on level 5 of the Lair of Beasts.
You worshipped Hepliaklqana.
Hepliaklqana was most pleased with you.
You were not hungry.

You visited 3 branches of the dungeon, and saw 16 of its levels.
You also visited: Gauntlet and Ice Cave.

You collected 1181 gold pieces.
You spent 266 gold pieces at shops.

Inventory:

Hand Weapons
 a - a +2 trident of venom (weapon)
 b - a +0 blowgun
Missiles
 i - 50 poisoned needles
 n - 509 stones
 o - 11 tomahawks (quivered)
 F - 3 throwing nets {!f}
Armour
 m - a +0 pair of boots (worn)
 p - a +0 cloak (worn)
 q - a +1 pair of gloves (worn)
 r - the +5 ring mail of the True Pharaoh (worn) {+Inv Int+4}
   (You found it on level 1 of the Lair of Beasts)

   It affects your intelligence (+4).
   It lets you turn invisible.
 v - a +0 shield of fire resistance (worn)
 I - a +0 hat (worn)
Jewellery
 c - a ring of protection from fire (right hand)
 e - an uncursed amulet of regeneration
 h - an uncursed amulet of guardian spirit
 t - a +3 amulet of reflection (around neck)
 L - the ring of Xom's Passing Interest (left hand) {Ice rPois MP+9 Str+2}
   (You found it on level 1 of the Lair of Beasts)

   [ring of ice]

   It enhances your ice magic.
   It affects your strength (+2).
   It makes you vulnerable to fire.
   It protects you from cold.
   It protects you from poison.
   It affects your magic capacity (+9).
Wands
 d - a wand of flame (25)
 g - a wand of disintegration (4)
 j - a wand of digging (11)
 u - a wand of paralysis (18)
 C - a wand of iceblast (7)
Scrolls
 f - 7 scrolls of teleportation {@r3 !r}
 k - a scroll of identify {@r1}
 l - a scroll of immolation
 s - a scroll of holy word
 w - a scroll of enchant armour
 y - 3 scrolls of remove curse {@r2}
 A - 2 scrolls of enchant weapon {unknown}
 B - 4 scrolls of fear {!r}
 H - a scroll of noise
 K - a scroll of blinking {@r4}
 O - 2 scrolls of vulnerability {unknown}
Miscellaneous
 x - a lamp of fire
 z - a box of beasts
 M - a phial of floods


   Skills:
 - Level 11.4 Fighting
 + Level 11.2 Polearms
 - Level 4.0 Armour
 - Level 1.5 Dodging
 + Level 9.1 Shields
 - Level 2.6 Spellcasting
 - Level 2.4 Charms
 + Level 3.8 Invocations
 + Level 5.7 Evocations


You had 16 spell levels left.
You knew the following spells:

 Your Spells              Type           Power        Failure   Level  Hunger
a - Infusion              Chrm           ##..         22%         1    N/A

Your spell library contained the following spells:

 Spells                   Type           Power        Failure   Level  Hunger
 Song of Slaying          Chrm           ##......     32%         2    N/A
 Shroud of Golubria       Chrm/Tloc      #.........   47%         2    N/A
 Animate Skeleton         Necr           N/A          50%         1    N/A
 Apportation              Tloc           #.....       50%         1    N/A
 Confusing Touch          Hex            #.....       50%         1    N/A
 Corona                   Hex            #......      50%         1    N/A
 Magic Dart               Conj           #...         50%         1    N/A
 Pain                     Necr           #...         50%         1    N/A
 Sandblast                Erth           #.....       50%         1    N/A
 Summon Small Mammal      Summ           #...         50%         1    N/A
 Blink                    Tloc           N/A          65%         2    N/A
 Call Imp                 Summ           #.......     65%         2    N/A
 Passwall                 Tmut/Erth      #.......     65%         2    N/A
 Slow                     Hex            #.......     65%         2    N/A
 Sticks to Snakes         Tmut           #.......     65%         2    N/A
 Spectral Weapon          Hex/Chrm       #.......     71%         3    N/A
 Call Canine Familiar     Summ           #.......     86%         3    N/A
 Conjure Flame            Conj/Fire      #.......     86%         3    N/A
 Gell's Gravitas          Tloc           #.........   86%         3    N/A
 Inner Flame              Hex/Fire       #.......     86%         3    N/A
 Lesser Beckoning         Tloc           #.........   86%         3    N/A
 Mephitic Cloud           Conj/Pois/Air  #.......     86%         3    N/A
 Portal Projectile        Hex/Tloc       #.....       86%         3    N/A
 Stone Arrow              Conj/Erth      #.....       86%         3    N/A
 Summon Guardian Golem    Hex/Summ       #.......     86%         3    N/A
 Teleport Other           Tloc           #.......     86%         3    N/A
 Vampiric Draining        Necr           #.........   86%         3    N/A
 Animate Dead             Necr           N/A          99%         4    N/A
 Cause Fear               Hex            #.........   99%         4    N/A
 Leda's Liquefaction      Hex/Erth       #.........   99%         4    N/A
 Passage of Golubria      Tloc           N/A          99%         4    N/A
 Petrify                  Tmut/Erth      #.......     99%         4    N/A
 Summon Ice Beast         Ice/Summ       #.......     99%         4    N/A
 Summon Lightning Spire   Summ/Air       #.......     99%         4    N/A
 Borgnjor's Vile Clutch   Necr/Erth      #.........   100%        5    N/A
 Silence                  Hex/Air        #.........   100%        5    N/A
 Yara's Violent Unravell  Hex/Tmut       #.........   100%        5    N/A
 Deflect Missiles         Chrm/Air       #.........   100%        6    N/A
 Discord                  Hex            #.........   100%        8    N/A
 Beastly Appendage        Tmut           Unusable     N/A         1    N/A
 Regeneration             Chrm/Necr      Unusable     N/A         3    N/A
 Spider Form              Tmut/Pois      Unusable     N/A         3    N/A
 Ice Form                 Ice/Tmut       Unusable     N/A         4    N/A
 Blade Hands              Tmut           Unusable     N/A         5    N/A

Dungeon Overview and Level Annotations

Branches:
Dungeon (10/15)            Temple (1/1) D:7            Lair (5/6) D:10
 Shoals (0/4) Lair:2        Snake (0/4) Lair:4
  Slime: Lair:5-6       Orc: D:9-12

Altars:
Ashenzari
Cheibriados
Dithmenos
Elyvilon
Fedhas
Gozag
Hepliaklqana
Kikubaaqudgha
Makhleb
Nemelex Xobeh
Okawaru
Qazlal
Ru
Sif Muna
Trog
Uskayaw
Vehumet
Wu Jian
Xom
Yredelemnul
Zin
The Shining One

Shops:
D:4 %=:?   D:6 [   D:10 ((

Annotations:
D:2 Terence
Lair:3 1 runed translucent door, Slacking101's ghost, journeyman KoAM


Innate Abilities, Weirdness & Mutations

You do not eat or drink.
Your flesh is vulnerable to fire.
You are immune to poison.
Your flesh is cold resistant. (rC+)
You are immune to negative energy. (rN+++)
You are immune to unholy pain and torment.
You can survive without breathing.
You are in touch with the powers of death.
Your life essence is reduced to manifest your ancestor. (-10% HP)


Message History

You block the blink frog's attack.
The blink frog blinks!
GonnaDrownCerebov misses the blink frog.
The blink frog blinks!
GonnaDrownCerebov casts a spell at the blink frog.
The blink frog resists with some effort.
You block the blink frog's attack.
You miss the blink frog. The blink frog hits you!
The blink frog blinks!
The blink frog misses GonnaDrownCerebov.
The blink frog blinks!
GonnaDrownCerebov misses the blink frog.
The blink frog hits GonnaDrownCerebov!
GonnaDrownCerebov hits the blink frog with a +0 dagger of draining.
You kill the blink frog!
GonnaDrownCerebov gestures at the blink frog while chanting.
The blink frog easily resists.
The blink frog blinks!
Put on which piece of jewellery? (? for menu, Esc to quit)
Okay, then.
The blink frog blinks!
You closely miss the blink frog. You block the blink frog's attack.
You barely miss the blink frog. The blink frog closely misses you.
You barely miss the blink frog.
GonnaDrownCerebov casts a spell at the blink frog.
The blink frog seems to slow down.
The blink frog hits you but does no damage.
You miss the blink frog.
GonnaDrownCerebov hits the blink frog with a +0 dagger of draining!
GonnaDrownCerebov drains the blink frog.
You barely miss the blink frog.
The blink frog is moderately wounded.
The blink frog hits you but does no damage.
GonnaDrownCerebov hits the blink frog with a +0 dagger of draining.
You puncture the blink frog!
The blink frog is almost dead.
You block the blink frog's attack.
You puncture the blink frog!
You kill the blink frog!
Put on which piece of jewellery? (? for menu, Esc to quit)
Really remove
E - an amulet of faith?
You remove your amulet of faith.
Hepliaklqana seems less interested in you.
You feel less pious.
You can no longer drain nearby creatures when transferring your ancestor.
t - a +3 amulet of reflection (around neck) Drop what? 37/52 slots (_ for help) (? for menu, Esc to quit)
You drop an uncursed amulet of faith.
Key pressed, stopping explore.
Found a spear.
The komodo dragon is too close now for your liking.
A lindwurm comes into view.
Attack whom?
Press: ? - help, Dir - move target cursor, f - komodo dragon
Aim: a komodo dragon You reach to attack!
You puncture the komodo dragon!
The komodo dragon is moderately wounded.
Attack whom?
Press: ? - help, Dir - move target cursor, f/p - komodo dragon
Aim: a komodo dragon (moderately wounded)
You reach to attack!
You completely miss the komodo dragon.
The komodo dragon is moderately wounded.
GonnaDrownCerebov hits the komodo dragon with a +0 dagger of draining.
The komodo dragon bites you!
GonnaDrownCerebov closely misses the komodo dragon.
You puncture the komodo dragon!
The komodo dragon is poisoned.
The komodo dragon is heavily wounded.
The komodo dragon bites you!!
GonnaDrownCerebov hits the komodo dragon but does no damage.
The lindwurm breathes flames at you.
The blast of flame hits the fungus!!
The blast of flame hits GonnaDrownCerebov!
GonnaDrownCerebov resists.
The blast of flame hits you!
You hit the komodo dragon.
The komodo dragon looks as sick as possible!
The komodo dragon is severely wounded.
You block the komodo dragon's attack.
You hit the komodo dragon.
The komodo dragon looks as sick as possible!
The komodo dragon is severely wounded.
The lindwurm bites GonnaDrownCerebov.
The lindwurm claws GonnaDrownCerebov.
The lindwurm closely misses GonnaDrownCerebov.
The komodo dragon bites you but does no damage.
You puncture the komodo dragon!
The komodo dragon is almost dead.
GonnaDrownCerebov completely misses the lindwurm.
The lindwurm bites GonnaDrownCerebov but does no damage.
The lindwurm claws GonnaDrownCerebov. x2
You hit the komodo dragon but do no damage.
The komodo dragon looks as sick as possible!
The komodo dragon is almost dead.
The komodo dragon bites you!!
* * * LOW HITPOINT WARNING * * *
GonnaDrownCerebov hits the lindwurm with a +0 dagger of draining.
GonnaDrownCerebov drains the lindwurm.
You hit the komodo dragon but do no damage.
The komodo dragon looks as sick as possible!
The komodo dragon is almost dead.
You kill the komodo dragon!
The lindwurm breathes flames at you.
The blast of flame hits the fungus!!
The blast of flame hits you!!
You die...

#.###P.##. .......
............ ...... ..
.........# .....#.##
#......^. #...#.#.
##........
....#.##.###...##.
#..P#....##....#..
#)........#....##.
#@†.......##......
##......##......P##
.###PR..##.#.......##.
.....k....#.##.P#......
......................|
........%..............
.......................
.......................
####.................##


You could see the friendly GonnaDrownCerebov the hexer and a lindwurm.

Vanquished Creatures
  A minotaur (Gauntlet)
  Fannar (Lair:2)
  Harold (D:10)
  3 hydras
  A two-headed ogre (D:8)
  Urug (Lair:3)
  An oklob plant (Lair:2)
  2 ugly things (IceCv)
  2 black mambas
  5 spiny frogs
  A rime drake (Lair:1)
  4 komodo dragons
  A troll (D:9)
  A polar bear (Lair:4)
  3 meliai (Gauntlet)
  A hornet (D:6)
  7 blink frogs
  6 hippogriffs
  A spriggan (D:8)
  A wyvern (Lair:4)
  A ynoxinul (Gauntlet)
  10 yaks
  2 basilisks
  Edmund (D:5)
  A naga (Lair:4)
  5 water moccasins
  3 porcupines
  9 ice beasts
  4 orc warriors
  5 black bears
  A phantom (D:7)
  3 ogres
  A necrophage (D:6)
  2 sky beasts
  An eye of draining (D:10)
  14 wolves
  4 centaurs
  7 crocodiles
  6 bullfrogs
  2 scorpions
  5 wights
  A howler monkey (D:7)
  2 electric eels (Lair:1)
  A centaur zombie (D:5)
  5 crimson imps
  2 jellies
  2 hounds
  5 orc priests
  2 bullfrog skeletons
  2 iguanas
  2 iron imps (Gauntlet)
  Ijyb (D:5)
  An ancestor (D:10)
  6 worker ants
  9 orc wizards
  2 hound zombies (D:5)
  4 hound skeletons
  4 gnolls (D:10)
  17 adders
  A shadow imp (D:5)
  2 adder zombies (D:6)
  An adder skeleton (D:5)
  2 worms (D:4)
  2 dart slugs (D:2)
  6 leopard geckos
  24 orcs
  6 bats
  8 giant cockroaches
  7 goblins
  8 hobgoblins
  14 jackals
  4 quokkas
  2 ball pythons
  2 frilled lizards (D:2)
  9 kobolds
  A leopard gecko skeleton (D:4)
  A quokka skeleton (D:8)
  4 rats
303 creatures vanquished.

Vanquished Creatures (collateral kills)
  A hydra (Lair:3)
  A centaur zombie (D:10)
  A black mamba (Lair:5)
  A rime drake (Lair:1)
  4 spiny frogs
  2 komodo dragons
  A polar bear (Lair:4)
  2 blink frogs
  A hippogriff (Lair:2)
  A yak (Lair:5)
  A basilisk (Lair:4)
  4 water moccasins
  A porcupine (D:10)
  2 black bears
  An ice beast (D:10)
  2 wolves (Lair:3)
  A crocodile (Lair:4)
  A bullfrog (D:10)
  A scorpion (D:10)
  2 wights
  A crimson imp (D:8)
  2 jellies
  2 iron imps (Gauntlet)
  6 orcs
  A fungus (D:10)
  A plant (Lair:2)
44 creatures vanquished.

Vanquished Creatures (others)
  9 hexers
  3 ancestors
  A demonic plant (Gauntlet)
  11 fungi
  3 plants
27 creatures vanquished.

Grand Total: 374 creatures vanquished

Notes
Turn   | Place    | Note
-------+----------+-------------------------------------------
     0 | D:1      | EnegeticOcto the Mummy Skald began the quest for the Orb.
     0 | D:1      | Reached XP level 1. HP: 16/16 MP: 4/4
   312 | D:1      | Reached XP level 2. HP: 14/23 MP: 1/5
   991 | D:2      | Reached XP level 3. HP: 25/28 MP: 0/7
  1012 | D:2      | Noticed a centaur
  1853 | D:3      | Found an ancient bone altar of Kikubaaqudgha.
  1855 | D:3      | Found a shattered altar of Ashenzari.
  1871 | D:3      | Found a sacrificial altar of Ru.
  1871 | D:3      | Found a hide-covered altar of Uskayaw.
  1872 | D:3      | Found a radiant altar of Vehumet.
  1872 | D:3      | Found an iron altar of Okawaru.
  1872 | D:3      | Found a shimmering altar of Xom.
  1872 | D:3      | Found a blossoming altar of Fedhas.
  1879 | D:3      | Reached XP level 4. HP: 26/35 MP: 1/8
  2334 | D:3      | Found a faded altar of an unknown god.
  2654 | D:2      | Noticed Terence
  2752 | D:4      | Found Qoun Guf's Jewellery Shoppe.
  2773 | D:4      | Found Fecwip's Book Emporium.
  2802 | D:4      | Reached XP level 5. HP: 42/42 MP: 4/9
  2836 | D:4      | Noticed an ogre
  3038 | D:4      | Found Jioskauz's Food Emporium.
  3264 | D:4      | Reached XP level 6. HP: 48/49 MP: 1/10
  3387 | D:4      | Reached skill level 5 in Fighting
  3507 | D:4      | Found Goralim's Magic Scroll Boutique.
  3510 | D:4      | Bought a scroll of remove curse for 39 gold pieces
  3515 | D:4      | Bought a scroll of teleportation for 39 gold pieces
  4348 | D:4      | Reached XP level 7. HP: 42/56 MP: 6/11
  4609 | D:4      | Bought a scroll of teleportation for 39 gold pieces
  4620 | D:5      | Entered Level 5 of the Dungeon
  4620 | D:5      | Noticed Ijyb
  4634 | D:5      | Killed Ijyb
  4899 | D:5      | Found a basalt altar of Yredelemnul.
  5198 | D:5      | Reached skill level 5 in Polearms
  5607 | D:6      | Reached XP level 8. HP: 55/65 MP: 12/12
  5934 | D:6      | Noticed Edmund
  5951 | D:5      | Killed Edmund
  6527 | D:6      | Found Bicheoh's Armour Shop.
  6533 | D:6      | Bought a +0 shield of fire resistance for 149 gold pieces
  6596 | D:6      | Found a burning altar of Makhleb.
  6664 | D:7      | Reached skill level 1 in Shields
  6739 | D:7      | Reached XP level 9. HP: 74/75 MP: 13/13
  7269 | D:7      | Found a staircase to the Ecumenical Temple.
  7276 | Temple   | Entered the Ecumenical Temple
  7281 | Temple   | Became a worshipper of Hepliaklqana the Forgotten
  7850 | D:8      | Noticed a two-headed ogre
  7884 | D:8      | Killed a two-headed ogre
  8108 | D:8      | Reached XP level 10. HP: 75/75 MP: 14/14
  8218 | D:8      | Reached * piety under Hepliaklqana
  8946 | D:9      | Reached skill level 10 in Fighting
  9300 | D:9      | Found a bloodstained altar of Trog.
  9384 | D:10     | Entered Level 10 of the Dungeon
  9387 | D:10     | Noticed Harold
  9506 | D:10     | Reached skill level 5 in Shields
  9558 | D:10     | Killed Harold
 10041 | D:10     | Reached ** piety under Hepliaklqana
 10042 | D:10     | Remembered your ancestor GonnaDrownCerebov as a hexer
 10185 | D:10     | Found Veereth's Weapon Shoppe.
 10241 | D:10     | Found Hiats's Weapon Shoppe.
 10663 | D:10     | Found a white marble altar of Elyvilon.
 10682 | D:10     | Got an encrusted cloak
 10712 | D:10     | Found a staircase to the Lair.
 10900 | Lair:1   | Entered Level 1 of the Lair of Beasts
 10913 | Lair:1   | Reached XP level 11. HP: 66/82 MP: 10/15
 10964 | Lair:1   | Got a transparent iron ring
 10966 | Lair:1   | Identified the ring of Xom's Passing Interest {Ice rPois
                  | MP+9 Str+2} (You found it on level 1 of the Lair of Beasts)
 11374 | Lair:1   | Reached *** piety under Hepliaklqana
 11418 | Lair:1   | Found a frozen archway.
 11427 | IceCv    | Entered an ice cave
 11427 | IceCv    | Noticed a white ugly thing
 11446 | IceCv    | Killed a white ugly thing
 11835 | IceCv    | Found a transporter.
 11897 | IceCv    | Noticed a white ugly thing
 11899 | IceCv    | Found a transporter.
 11905 | IceCv    | Killed a white ugly thing
 12494 | Lair:1   | Got a transparent ring mail
 12505 | Lair:1   | Identified the +5 ring mail of the True Pharaoh {+Inv
                  | Int+4} (You found it on level 1 of the Lair of Beasts)
 12515 | Lair:1   | Identified the +2 cloak "Decakhlu" {*Corrode rPois rF+
                  | Str+3 Int+3} (You found it on level 10 of the Dungeon)
 12671 | Lair:2   | Reached skill level 1 in Armour
 12729 | Lair:2   | Reached skill level 1 in Evocations
 13109 | Lair:2   | Noticed a four-headed hydra
 13131 | Lair:2   | Killed a four-headed hydra
 13131 | Lair:2   | Reached skill level 10 in Polearms
 13485 | Lair:2   | Noticed a five-headed hydra
 13497 | Lair:2   | Killed a five-headed hydra
 13539 | Lair:2   | Found a staircase to the Shoals.
 13572 | Lair:2   | Reached **** piety under Hepliaklqana
 13577 | Lair:2   | Noticed an oklob plant
 13598 | Lair:2   | Killed an oklob plant
 14010 | Lair:3   | Noticed Fannar
 14114 | Lair:3   | Noticed Urug
 14151 | Lair:2   | Killed Fannar
 14338 | Lair:3   | Killed Urug
 14338 | Lair:3   | Reached XP level 12. HP: 55/90 MP: 16/16
 14521 | Lair:3   | Found a runed translucent door.
 14868 | Lair:3   | Noticed Slacking101's ghost (journeyman KoAM)
 14968 | Lair:3   | Noticed a six-headed hydra
 14980 | Lair:3   | Killed a six-headed hydra
 14988 | Lair:3   | Got a translucent buckler
 14999 | Lair:3   | Identified the cursed +0 buckler "Vuadwea" {rF- rCorr Dex+3
                  | Slay+4} (You found it on level 3 of the Lair of Beasts)
 15360 | Lair:4   | Found a gate leading to a gauntlet.
 15389 | Gauntlet | Entered a Gauntlet
 15389 | Gauntlet | Found a transporter.
 15559 | Gauntlet | Noticed a death scarab
 15565 | Gauntlet | Found a transporter.
 15567 | Gauntlet | Found a transporter.
 15577 | Gauntlet | Found a transporter.
 15577 | Gauntlet | Found a transporter.
 15585 | Gauntlet | Found a transporter.
 15598 | Gauntlet | Noticed a balrug
 15600 | Gauntlet | Found a runed translucent door.
 15601 | Gauntlet | Found a transporter.
 15602 | Gauntlet | Found a runed translucent door.
 15603 | Gauntlet | Reached ***** piety under Hepliaklqana
 15611 | Gauntlet | Found a transporter.
 15621 | Gauntlet | Found a transporter.
 15626 | Gauntlet | Found a transporter.
 15629 | Gauntlet | Noticed a ghost crab
 15654 | Gauntlet | Found a transporter.
 15655 | Gauntlet | Found a transporter.
 15712 | Gauntlet | Found a transporter.
 15715 | Gauntlet | Found a transporter.
 15715 | Gauntlet | Found a runed translucent door.
 16166 | Gauntlet | Got a brightly glowing helmet
 16167 | Gauntlet | Identified the +0 helmet of Resilience {-Cast rN+++} (You
                  | found it in a Gauntlet)
 16250 | Gauntlet | Identified the +4 morningstar "Dineid" {crush, *Contam
                  | rElec rPois rN+}
 16250 | Gauntlet | Noticed a minotaur
 16267 | Gauntlet | Killed a minotaur
 16267 | Gauntlet | Reached skill level 1 in Invocations
 16441 | Gauntlet | Identified Sif Muna's Volume of Stones
 17318 | Lair:4   | Found a staircase to the Snake Pit.
 17469 | Lair:5   | Reached skill level 5 in Evocations
 17638 | Lair:5   | Noticed a seven-headed hydra
 18427 | Lair:5   | Killed a seven-headed hydra
 18427 | Lair:5   | Gained mutation: You are in touch with the powers of death.
                  | [Mummy growth]
 18427 | Lair:5   | Reached XP level 13. HP: 95/95 MP: 17/17
 18916 | Lair:5   | Killed from afar by a lindwurm

Levels and vault maps discovered:
D:1:      mushboom_english_gardens, layout_rooms
D:2:      layout_loops_ring, hangedman_decor_clover_reticule,
          hangedman_abyss_or_decor_stabs, uniq_terence
D:3:      layout_basic, grunt_temple_overflow_open,
          chequers_ecumenical_altar_grove, first_ration
D:4:      layout_basic, serial_shops, shop, nicolae_shop_crystal,
          kennysheep_mini_moat, nicolae_shop_window_shopping, minmay_hedge_maze
D:5:      layout_basic, nicolae_overflow_crystal_walls, uniq_ijyb
D:6:      layout_cave_pools, makhleb_blood_cavern_becter, serial_shops,
          shop_fountains, minmay_holes, uniq_edmund
D:7:      layout_rooms, minmay_temple_entry_drinking_statues
D:8:      layout_basic, the_bakery
D:9:      layout_basic, bloody_trog
D:10:     layout_basic, grunt_lair_entry_orc_guard_hut, basic_altar,
          serial_shops, shop, shop, uniq_harold
Temple:   minmay_freezing_vapour_temple
Lair:1:   layout_gridlike, portal_ice_cave_rime
Lair:2:   layout_cave_pods, elwin_shoals_entry_rocks,
          infiniplex_staircase_pool_2, minmay_lair_oklob_chamber
Lair:3:   layout_misc_corridors, ebering_ghost_reflecting_pool, st_stairs_12,
          uniq_urug, uniq_fannar
Lair:4:   layout_regular_city, guppyfry_snake_entry_island,
          gauntlet_entry_generic, lookout_lair_type
Lair:5:   layout_regular_city, grunt_megastairs_3

Skill      XL: |  1  2  3  4  5  6  7  8  9 10 11 12 13 |
---------------+----------------------------------------+-----
Polearms       | 2 3 4 5 7 8 9 10 11 | 11.2
Fighting       | 3 4 5 6 8 9 10 11 | 11.4
Shields        | 1 4 6 7 8 9 |  9.1
Armour         | 3 4 |  4.0
Evocations     | 3 5 |  5.7
Invocations    | 3 |  3.8
Dodging        | |  1.5
Spellcasting   | |  2.6
Charms         | |  2.4

Action                   |  1- 3 |  4- 6 |  7- 9 | 10-12 | 13-15 || total
-------------------------+-------+-------+-------+-------+-------++-------
Melee: Spear             |   128 |   119 |       |       |       ||   247
       Trident           |       |    45 |   412 |   788 |    64 ||  1309
 Fire: Blowgun           |       |    12 |     3 |       |       ||    15
Throw: Stone             |     8 |       |    27 |       |       ||    35
       Tomahawk          |       |       |       |     2 |       ||     2
 Cast: Infusion          |    13 |     7 |     4 |    16 |       ||    40
Invok: Ancestor Life: He |       |       |       |     1 |       ||     1
       Ancestor Identity |       |       |       |     1 |       ||     1
       Recall Ancestor   |       |       |       |     4 |       ||     4
       Idealise          |       |       |       |     1 |       ||     1
 Abil: Evoke Invisibilit |       |       |       |     2 |       ||     2
Evoke: Wand              |       |     9 |     8 |    36 |       ||    53
       Phial of floods   |       |       |       |     1 |       ||     1
  Use: Scroll            |     3 |     6 |     9 |    13 |       ||    31
 Stab: Sleeping          |       |     2 |     9 |     4 |       ||    15
       Distracted        |       |       |       |     7 |     1 ||     8
       Paralysed         |       |       |       |    22 |       ||    22
       Confused          |       |       |       |     6 |     2 ||     8
       Invisible         |       |       |       |     4 |       ||     4
Armor: Leather armour    |    27 |    35 |   118 |    11 |       ||   191
       Robe              |       |       |       |    62 |       ||    62
       Ring mail         |       |       |       |   105 |    12 ||   117
Dodge: Dodged            |    56 |    77 |   205 |   218 |    11 ||   567
Block: Shield            |       |       |    51 |   277 |    18 ||   346

Table legend:
 A = Non-vault XP
 B = Vault XP
 C = Vault XP percentage of total XP
 D = Non-vault monster count
 E = Vault monster count
 F = Vault count percentage of total count
                 A         B        C        D         E       F
            +---------+---------+-------+---------+---------+-------
      Total |   30972 |   10096 |  24.6 |     307 |      37 |  10.8
            +---------+---------+-------+---------+---------+-------
        D:1 |      24 |       0 |   0.0 |      14 |       0 |   0.0
        D:2 |     170 |       0 |   0.0 |      20 |       0 |   0.0
        D:3 |     122 |       0 |   0.0 |      25 |       0 |   0.0
        D:4 |     455 |       0 |   0.0 |      22 |       0 |   0.0
        D:5 |     803 |     198 |  19.8 |      21 |       2 |   8.7
        D:6 |     997 |     142 |  12.5 |      26 |       2 |   7.1
        D:7 |     434 |       0 |   0.0 |      13 |       0 |   0.0
        D:8 |    2509 |     220 |   8.1 |      37 |       1 |   2.6
        D:9 |    1513 |       0 |   0.0 |      14 |       0 |   0.0
       D:10 |    1463 |    1686 |  53.5 |      24 |       7 |  22.6
     Lair:1 |    2061 |     794 |  27.8 |      16 |       2 |  11.1
     Lair:2 |    4500 |    1594 |  26.2 |      11 |       2 |  15.4
     Lair:3 |    3015 |     807 |  21.1 |      13 |       1 |   7.1
     Lair:4 |    5484 |     160 |   2.8 |      24 |       1 |   4.0
     Lair:5 |    7422 |     484 |   6.1 |      27 |       2 |   6.9
      IceCv |       0 |    1554 | 100.0 |       0 |       8 | 100.0
   Gauntlet |       0 |    2457 | 100.0 |       0 |       9 | 100.0
            +---------+---------+-------+---------+---------+-------
